 Dungeon Crawl Stone Soup version 0.20.1-1-g8b1a95d (webtiles) character file.

7723 manon the Grappler (level 11, -2/75 HPs)
             Began as a Demonspawn Fighter on Sept 11, 2017.
             Was a Follower of Ashenzari.
             Slain by a two-headed ogre
             ... wielding a +0 giant spiked club
              (19 damage)
             ... on level 9 of the Dungeon.
             The game lasted 01:15:38 (9708 turns).

manon the Grappler (Demonspawn Fighter)             Turns: 9708, Time: 01:15:39

Health: -2/75      AC: 15    Str: 17    XL:     11   Next: 0%
Magic:  15/15      EV:  7    Int: 13    God:    Ashenzari [*.....]
Gold:   311        SH: 10    Dex: 12    Spells: 8/10 levels left

rFire    . . .     SeeInvis .     - Unarmed
rCold    . . .     Gourm    .   y - +0 shield (curse)
rNeg     + . .     Faith    .   t - +0 plate armour (curse)
rPois    .         Spirit   .   (helmet restricted)
rElec    .         Reflect  .   (no cloak)
rCorr    .         Harm     .   k - +0 pair of gloves (curse)
MR       .....                  (no boots)
Stlth    ..........             (no amulet)
Regen    0.3/turn               F - +3 ring of evasion
MPRegen  0.2/turn               l - ring of positive energy (curse)

@: no status effects
A: antennae 2, claws 1, talons 1, demonic guardian 1
a: Curse Item, Scrying, Renounce Religion


You were on level 9 of the Dungeon.
You worshipped Ashenzari.
Ashenzari was aware of your devotion.
You were not hungry.

You visited 2 branches of the dungeon, and saw 10 of its levels.
You also visited: Sewer.

You collected 311 gold pieces.

Inventory:

Hand Weapons
 b - a +0 blowgun
 c - a +0 hunting sling
Missiles
 j - 124 sling bullets
 s - 219 stones (quivered)
 v - 11 bolts
 x - 50 poisoned needles
 P - 4 exploding tomahawks
 Q - 7 silver tomahawks
Armour
 a - a +0 scale mail
 e - a +0 buckler
 k - a cursed +0 pair of gloves (worn)
 t - a cursed +0 plate armour (worn)
 y - a cursed +0 shield (worn)
Magical Staves
 N - an uncursed staff of summoning
Jewellery
 l - a cursed ring of positive energy (right hand)
 n - an uncursed amulet of harm
 F - a +3 ring of evasion (left hand)
 R - an uncursed ring of flight
Wands
 K - a wand of lightning (3/15)
 M - a wand of paralysis (6/24)
 O - a wand of confusion (17/48)
Scrolls
 g - a scroll of immolation {unknown}
 i - 2 scrolls of amnesia
 m - a scroll of identify
 o - a scroll of fog
 q - 2 scrolls of magic mapping
 w - a scroll of recharging {unknown}
 C - 5 scrolls of teleportation
 G - a scroll of blinking {unknown}
 H - a scroll of remove curse
 I - a scroll of enchant armour {unknown}
 J - 2 scrolls of fear {unknown}
 L - a scroll of random uselessness {unknown}
Potions
 f - a potion of ambrosia {unknown}
 h - 2 potions of curing
 p - a potion of resistance {unknown}
 r - 2 potions of cancellation {unknown}
 u - a potion of mutation {unknown}
 z - 2 potions of brilliance {unknown}
 A - 3 potions of flight
 B - 2 potions of agility {unknown}
 E - a potion of haste {unknown}
Comestibles
 d - 7 bread rations
 D - 8 meat rations
 S - a chunk of flesh


   Skills:
 - Level 3.0 Fighting
 + Level 8.1 Armour
 + Level 7.6 Shields
 * Level 10.6 Unarmed Combat
 + Level 5.3 Evocations


You had 8 spell levels left.
You knew the following spells:

 Your Spells              Type           Power        Failure   Level  Hunger
a - Blink                 Tloc           N/A          100%        2    ###....


Dungeon Overview and Level Annotations

Branches:
Dungeon (9/15)             Temple (1/1) D:4
   Lair: D:8-11         Orc: D:9-12

Altars:
Ashenzari
Cheibriados
Dithmenos
Elyvilon
Fedhas
Gozag
Hepliaklqana
Kikubaaqudgha
Makhleb
Nemelex Xobeh
Okawaru
Qazlal
Ru
Sif Muna
Trog
Vehumet
Xom
Zin
The Shining One

Shops:
D:2 *

Annotations:
D:8 Agrougrou's ghost, novice OpTm; Gastronok


Innate Abilities, Weirdness & Mutations

You have a pair of antennae on your head.
You have sharp fingernails.
You have sharp toenails.
A weak demonic guardian rushes to your aid.


Message History

The two-headed ogre hits you with a giant spiked club! x2
The worker ant zombie bites your white imp but does no damage.
Your white imp hits the worker ant zombie but does no damage.
The worker ant zombie closely misses your white imp.
You block the two-headed ogre's attack.
The two-headed ogre hits you with a giant spiked club.
Your white imp barely misses the worker ant zombie.
The worker ant zombie bites your white imp but does no damage. x2
Your white imp barely misses the worker ant zombie.
The worker ant zombie bites your white imp but does no damage.
The two-headed ogre hits you with a giant spiked club!
* * * LOW HITPOINT WARNING * * *
The two-headed ogre hits you with a giant spiked club.
* * * LOW HITPOINT WARNING * * *
The worker ant zombie waves its antennae.
Something bites your white imp.
The worker ant zombie waves its antennae.
There is a stone staircase leading down here.
The two-headed ogre hits you with a giant spiked club!!
You die...

########............
#...................
#...............###.
#...............#..)
#...............#.#[
#...............#[[<
#...l...........#.))
#.#.###.....###.....
#5.@OZ5Z.........###
########Z...###.. #
#....# #..##. #{{Z.#
#....# #....# #..#..
#.Z..# #. .. #R...#
#. ### #######....#
#..#.. #..........#
#..#.#


You could see a two-headed ogre, an iguana, 3 worker ant zombies, a friendly
white imp and a friendly ufetubus.

Vanquished Creatures
  A centaur warrior (D:9)
  A wizard (D:8)
  2 cyclopes (D:9)
  An efreet (D:8)
  2 trolls (D:9)
  A hippogriff (D:7)
  A slime creature (D:8)
  A wraith (D:8)
  A wyvern (D:8)
  A hungry ghost (D:9)
  Menkaure (D:7)
  Edmund (D:6)
  A soldier ant (D:8)
  2 sky beasts
  3 orc warriors
  An ice beast (D:8)
  A black bear (D:8)
  A hornet zombie (D:7)
  An eye of draining (D:8)
  6 ogres
  A necrophage (D:9)
  3 centaurs
  3 big kobolds
  A bullfrog (D:7)
  A scorpion (D:9)
  18 wights
  2 howler monkeys
  A centaur zombie (D:7)
  3 crimson imps
  A quasit (D:8)
  2 bullfrog zombies
  A jelly (D:5)
  4 hounds
  An orc priest (D:9)
  A bullfrog skeleton (D:6)
  8 orc wizards
  3 iguanas
  3 worker ants
  Terence (D:2)
  A killer bee zombie (D:9)
  A howler monkey zombie (D:6)
  A worker ant zombie (D:7)
  5 adders
  4 oozes
  An adder zombie (D:9)
  An adder skeleton (D:9)
  2 worms
  3 dart slugs (D:1)
  8 leopard geckos
  22 orcs
  7 bats
  3 bat skeletons (D:6)
  2 bat zombies (D:6)
  6 giant cockroaches
  4 goblins
  5 hobgoblins
  5 jackals
  2 quokkas
  4 ball pythons
  6 frilled lizards
  24 kobolds
  A leopard gecko skeleton (D:5)
  A leopard gecko zombie (D:9)
  5 rats
212 creatures vanquished.

Vanquished Creatures (collateral kills)
  The ghost of Drakey the Fighter, a novice MiFi (D:4)
  A water moccasin (D:8)
  A black bear (D:6)
  A phantom (D:6)
  An ogre (D:9)
  3 bullfrogs
  2 scorpions (D:6)
  A quasit (D:6)
  A centaur skeleton (D:9)
  An orc wizard (D:9)
  A worker ant (D:4)
  2 adders
  6 orcs
  A jackal (D:6)
  3 kobolds (Sewer)
26 creatures vanquished.

Vanquished Creatures (others)
  An adder skeleton (D:9)
  An orc (D:8)
2 creatures vanquished.

Grand Total: 240 creatures vanquished

Notes
Turn   | Place    | Note
-------+----------+-------------------------------------------
     0 | D:1      | manon the Demonspawn Fighter began the quest for the Orb.
     0 | D:1      | Reached XP level 1. HP: 18/18 MP: 1/1
    16 | D:1      | Reached skill level 2 in Unarmed Combat
   137 | D:1      | Gained mutation: A weak demonic guardian rushes to your aid. [demonic ancestry]
   137 | D:1      | Reached XP level 2. HP: 15/24 MP: 2/2
  1170 | D:1      | Gained mutation: You have a pair of small antennae on your head. [demonic ancestry]
  1170 | D:1      | Reached XP level 3. HP: 24/29 MP: 3/3
  1255 | D:2      | Learned a level 2 spell: Blink
  1270 | D:2      | Found a shattered altar of Ashenzari.
  1376 | D:2      | Found Gozag's Platinum Reserve.
  1376 | D:2      | Found an opulent altar of Gozag.
  1462 | D:2      | Noticed Terence
  1475 | D:2      | Killed Terence
  1586 | D:2      | Reached skill level 3 in Unarmed Combat
  1725 | D:3      | Reached XP level 4. HP: 32/35 MP: 4/4
  1907 | D:3      | Found a glowing drain.
  1931 | Sewer    | Entered a sewer
  2355 | Sewer    | Noticed a big kobold
  2376 | Sewer    | Killed a big kobold
  2376 | Sewer    | Reached XP level 5. HP: 28/41 MP: 5/5
  2567 | D:3      | Noticed an ice beast
  2904 | D:4      | Reached skill level 4 in Unarmed Combat
  2996 | D:4      | Found a hazy altar of Hepliaklqana.
  3005 | D:4      | Noticed Drakey's ghost (novice MiFi)
  3299 | D:4      | Found a staircase to the Ecumenical Temple.
  3314 | Temple   | Entered the Ecumenical Temple
  3663 | Temple   | Became a worshipper of Ashenzari the Shackled
  3792 | D:4      | Killed Drakey's ghost
  3792 | D:4      | Reached skill level 5 in Unarmed Combat
  3792 | D:4      | Reached XP level 6. HP: 36/47 MP: 6/6
  3824 | D:5      | Entered Level 5 of the Dungeon
  3886 | D:5      | Gained mutation: You have sharp fingernails. [demonic ancestry]
  3886 | D:5      | Reached XP level 7. HP: 35/52 MP: 7/7
  4750 | D:6      | Reached skill level 6 in Unarmed Combat
  4839 | D:6      | Reached * piety under Ashenzari
  4852 | D:6      | Found a glowing silver altar of Zin.
  4865 | D:6      | Reached skill level 5 in Armour
  4948 | D:6      | Gained mutation: You have a pair of antennae on your head. [demonic ancestry]
  4948 | D:6      | Reached XP level 8. HP: 35/58 MP: 8/8
  5080 | D:6      | Noticed Edmund
  5129 | D:6      | Killed Edmund
  5194 | D:6      | Reached skill level 5 in Shields
  5374 | D:6      | Found an ancient bone altar of Kikubaaqudgha.
  5448 | D:6      | Reached skill level 7 in Unarmed Combat
  5609 | D:7      | Noticed Menkaure
  5625 | D:7      | Killed Menkaure
  5896 | D:7      | Noticed a hippogriff
  5908 | D:7      | Killed a hippogriff
  5988 | D:7      | Found a snail-covered altar of Cheibriados.
  6236 | D:8      | Reached XP level 9. HP: 54/63 MP: 9/9
  6375 | D:8      | Reached skill level 8 in Unarmed Combat
  6390 | D:8      | Reached skill level 1 in Evocations
  7287 | D:8      | Noticed Agrougrou's ghost (novice OpTm)
  7414 | D:9      | Identified the +2 robe of Joy {*Slow Int+5 Stlth+}
  7454 | D:8      | Noticed Gastronok
  7494 | D:8      | Reached skill level 9 in Unarmed Combat
  7747 | D:9      | Noticed a cyclops
  7776 | D:9      | Killed a cyclops
  7795 | D:9      | Noticed a centaur warrior
  7820 | D:9      | Killed a centaur warrior
  7820 | D:9      | Gained mutation: You have sharp toenails. [demonic ancestry]
  7820 | D:9      | Reached XP level 10. HP: 33/70 MP: 12/12
  7973 | D:9      | Noticed a rakshasa
  8008 | D:9      | Noticed a wizard
  8025 | D:8      | Killed a wizard
  8696 | D:9      | Reached skill level 10 in Unarmed Combat
  9276 | D:9      | Found a radiant altar of Vehumet.
  9328 | D:9      | Found a shimmering altar of Xom.
  9401 | D:9      | Reached skill level 5 in Evocations
  9584 | D:9      | Noticed a cyclops
  9596 | D:9      | Killed a cyclops
  9624 | D:9      | Noticed a cyclops
  9638 | D:9      | Reached XP level 11. HP: 50/75 MP: 13/15
  9696 | D:9      | Noticed a two-headed ogre
  9708 | D:9      | Slain by a two-headed ogre

Skill      XL: |  1  2  3  4  5  6  7  8  9 10 |
---------------+-------------------------------+-----
Unarmed Combat | 2 3 5 6 7 9 10 | 10.6
Armour         | 3 4 5 6 7 8 |  8.1
Shields        | 3 4 5 6 7 |  7.6
Evocations     | 3 5 |  5.3
Fighting       | |  3.0

Action                   |  1- 3 |  4- 6 |  7- 9 | 10-12 || total
-------------------------+-------+-------+-------+-------++-------
Melee: Unarmed           |   162 |   285 |   691 |   206 ||  1344
       Kick              |       |       |       |    50 ||    50
 Fire: Hunting sling     |       |    16 |     7 |     1 ||    24
       Blowgun           |       |       |    54 |     4 ||    58
Invok: Curse Item        |       |     1 |     1 |     1 ||     3
Evoke: Wand              |       |       |       |    14 ||    14
  Use: Potion            |     1 |     2 |     5 |     3 ||    11
       Scroll            |       |       |     5 |     3 ||     8
 Stab: Distracted        |       |     2 |     1 |       ||     3
       Paralysed         |       |       |       |    22 ||    22
       Confused          |       |       |       |     3 ||     3
  Eat: Chunk             |     2 |     6 |     8 |     2 ||    18
       Royal jelly       |       |     1 |     3 |     1 ||     5
       Bread ration      |       |       |       |     1 ||     1
Armor: Scale mail        |    47 |   136 |       |       ||   183
       Plate armour      |       |    13 |   302 |   117 ||   432
Dodge: Dodged            |    65 |    92 |   131 |    65 ||   353
Block: Shield            |    29 |   164 |   285 |   105 ||   583
       Buckler           |    18 |       |       |       ||    18
